 Dungeon Crawl Stone Soup version 0.31.0-11-ge490571c62 (webtiles) character file.

Game seed: 15567322347577556771

1626850 mdonais the Oni Ballista (level 27, 323/323 HPs)
             Began as an Oni Monk on Jan 26, 2024.
             Was the Champion of Okawaru.
             Escaped with the Orb
             ... and 3 runes!
             The game lasted 04:21:59 (75730 turns).

mdonais the Oni Ballista (Oni Monk)                Turns: 75730, Time: 04:21:59

Health: 323/323    AC: 43    Str: 36    XL:     27
Magic:  33/33      EV:  9    Int: 11    God:    Okawaru [******]
Gold:   4373       SH: 21    Dex: 11    Spells: 37/38 levels left

rFire   + + .        j - +9 demon whip (elec)
rCold   + + .        V - +1 tower shield "Ifrixeto" {rPois Str+3}
rNeg    + . .        r - +12 gold dragon scales
rPois   +            W - +0 hat of the Jabberwock {+Blink rElec Slay+2}
rElec   +            i - +4 cloak of Reason {Fly Slay+2}
rCorr   .            (gloves unavailable)
SInv    +            (boots unavailable)
Will    +++..        O - amulet of the Republic {Spirit rF+ Slay+4} Stlth
                     s - ring of see invisible
HPRegen 0.73/turn    P - ring of Tanla {Fly rC+ rN+ Slay+4}
MPRegen 0.23/turn

%: guardian spirit
@: flying, hasted, studying 2 skills, very quick
A: large, unfitting armour, horns 1, tough skin 1, double potion healing,
drunken brawling, talons 1, strong-willed 1, poison resistance, screaming 1,
inability to drink after injury 1
0: Orb of Zot
}: 3/15 runes: serpentine, barnacled, silver
a: Renounce Religion, Evoke Blink, Heroism, Finesse, Duel


You escaped.
You worshipped Okawaru.
Okawaru was exalted by your worship.
You visited 11 branches of the dungeon, and saw 51 of its levels.
You also visited: Trove and Ice Cave.

You collected 8470 gold pieces.
You spent 4097 gold pieces at shops.

Inventory:

Hand Weapons
 j - a +9 demon whip of electrocution (weapon)
   (Okawaru gifted it to you in an ice cave)
Missiles
 v - 38 javelins
 w - 118 large rocks (quivered)
 x - 28 silver javelins
 F - 6 curare-tipped darts
 G - 5 datura-tipped darts
 J - 17 atropa-tipped darts
 K - 2 darts of dispersal
 Z - 10 throwing nets {=!f}
Armour
 i - the +4 cloak of Reason (worn) {Fly Slay+2}
   (Okawaru gifted it to you in an ice cave)

   Slay+2:    It affects your accuracy & damage with ranged weapons and melee
   (+2).
   Fly:       It grants you flight.
 r - +12 gold dragon scales (worn)
   (You found it on level 4 of the Vaults)
 y - a +2 cloak of stealth
   (You took it off a draconian scorcher on level 2 of the Realm of Zot)
 V - the +1 tower shield "Ifrixeto" (worn) {rPois Str+3}
   (You bought it in a shop on level 2 of the Orcish Mines)

   Str+3:     It affects your strength (+3).
   rPois:     It protects you from poison
 W - the +0 hat of the Jabberwock (worn) {+Blink rElec Slay+2}
   (You bought it in a shop on level 2 of the Orcish Mines)

   Slay+2:    It affects your accuracy & damage with ranged weapons and melee
   (+2).
   rElec:     It insulates you from electricity.
   +Blink:    It lets you blink.
Jewellery
 c - the ring "Buseoq" {Ice Will+ Int+4 Dex+4}
   (You took it off a skeletal warrior on level 2 of the Depths)

   [ring of ice]

   Ice:       It enhances your ice magic.
   Int+4:     It affects your intelligence (+4).
   Dex+4:     It affects your dexterity (+4).
   rF-:       It makes you vulnerable to fire.
   rC+:       It protects you from cold.
   Will+:     It increases your willpower.
 f - the ring "Hasah" {Ice rN++ Dex+3}
   (You found it on level 3 of the Vaults)

   [ring of ice]

   Ice:       It enhances your ice magic.
   Dex+3:     It affects your dexterity (+3).
   rF-:       It makes you vulnerable to fire.
   rC+:       It protects you from cold.
   rN++:      It greatly protects you from negative energy.
 l - the ring of Joxosaih {rN+ EV+5}
   (You took it off a vault sentinel on level 4 of the Vaults)

   [ring of evasion]

   EV+5:      It affects your evasion (+5).
   rN+:       It protects you from negative energy.
 o - the ring "Katudaos" {rC+ Str+2 Int+4 Dex+6}
   (You found it on level 2 of the Depths)

   [ring of dexterity]

   Str+2:     It affects your strength (+2).
   Int+4:     It affects your intelligence (+4).
   Dex+6:     It affects your dexterity (+6).
   rC+:       It protects you from cold.
 s - a ring of see invisible (left hand)
   (You found it on level 7 of the Dungeon)
 u - the ring of Hok Sixell {rF+ Will+ Stlth+}
   (You found it on level 2 of the Depths)

   [ring of willpower]

   rF+:       It protects you from fire.
   Will+:     It increases your willpower.
   Stlth+:    It makes you more stealthy.
 I - the amulet "Wanonaqei" {Acrobat rC+++ Str+2 Int-4 SInv}
   (You found it on level 3 of the Crypt)

   [amulet of the acrobat]

   Acrobat:   It increases your evasion while moving and waiting.
   Str+2:     It affects your strength (+2).
   Int-4:     It affects your intelligence (-4).
   rC+++:     It renders you almost immune to cold.
   SInv:      It lets you see invisible.
 O - the amulet of the Republic (around neck) {Spirit rF+ Slay+4}
   (You took it off a deep elf high priest on level 3 of the Elven Halls)

   [amulet of guardian spirit]

   Spirit:    It causes incoming damage to be divided between your reserves of
   health and magic.
   Slay+4:    It affects your accuracy & damage with ranged weapons and melee
   (+4).
   rF+:       It protects you from fire.
 P - the ring of Tanla (right hand) {Fly rC+ rN+ Slay+4}
   (You found it in a treasure trove)

   [ring of slaying]

   Slay+4:    It affects your accuracy & damage with ranged weapons and melee
   (+4).
   rC+:       It protects you from cold.
   rN+:       It protects you from negative energy.
   Fly:       It grants you flight.
Wands
 g - a wand of roots (49)
   (You found it on level 10 of the Dungeon)
 D - a wand of digging (23)
   (You found it in an ice cave)
 N - a wand of light (19)
   (You found it on level 9 of the Dungeon)
Scrolls
 a - 11 scrolls of revelation
 d - 3 scrolls of poison
 h - 4 scrolls of silence
 k - 6 scrolls of fear
 m - 8 scrolls of immolation
 A - 4 scrolls of fog
 B - 7 scrolls of blinking
 L - a scroll of enchant armour
 T - 11 scrolls of teleportation
Potions
 b - 3 potions of ambrosia
 e - 19 potions of heal wounds
 n - 10 potions of resistance
 p - 5 potions of invisibility
 q - 3 potions of mutation
 z - 6 potions of cancellation
 C - 10 potions of might
 E - 9 potions of attraction
 H - 7 potions of haste
 M - 12 potions of enlightenment
 Q - 27 potions of curing
 S - 2 potions of berserk rage
Miscellaneous
 t - a lightning rod (4/4)
   (You found it on level 10 of the Dungeon)
 U - a phial of floods
   (You found it on level 4 of the Shoals)
 X - a condenser vane
   (You found it on level 13 of the Dungeon)


   Skills:
 O Level 27 Fighting
 - Level 12.0 Maces & Flails
 O Level 27 Throwing
 + Level 22.6 Armour
 + Level 11.7 Dodging
 + Level 18.8 Shields
 - Level 6.0 Spellcasting
 - Level 1.0 Translocations
 - Level 14.0 Invocations
 - Level 3.0 Evocations


You had 37 spell levels left.
You knew the following spells:

 Your Spells              Type           Power      Damage    Failure   Level
a - Apportation           Tloc           10%        N/A       73%         1

Your spell library contained the following spells:

 Spells                   Type           Power      Damage    Failure   Level
 Foxfire                  Conj/Fire      12%        2x1d4     86%         1
 Freeze                   Ice            12%        1d3       86%         1
 Kiss of Death            Conj/Necr      12%        2d6       86%         1
 Necrotise                Necr           12%        1d4       86%         1
 Slow                     Hex            12%        N/A       86%         1
 Sting                    Conj/Alch      12%        1d3       86%         1
 Lesser Beckoning         Tloc           10%        N/A       86%         2
 Cigotuvi's Dreadful Rot  Necr/Alch/Air  6%         N/A       94%         2
 Ensorcelled Hibernation  Hex/Ice        6%         N/A       94%         2
 Mercury Vapours          Alch/Air       6%         N/A       94%         2
 Sublimation of Blood     Necr           3%         N/A       94%         2
 Gell's Gravitas          Tloc           5%         N/A       97%         3
 Teleport Other           Tloc           5%         N/A       97%         3
 Confusing Touch          Hex            3%         N/A       99%         3
 Dazzling Flash           Conj/Hex       6%         N/A       99%         3
 Fugue of the Fallen      Necr           3%         N/A       99%         3
 Hailstorm                Conj/Ice       3%         3d5       99%         3
 Inner Flame              Hex/Fire       3%         N/A       99%         3
 Mephitic Cloud           Conj/Alch/Air  3%         N/A       99%         3
 Ozocubu's Armour         Ice            3%         N/A       99%         3
 Sigil of Binding         Hex            3%         N/A       99%         3
 Stone Arrow              Conj/Erth      6%         3d7       99%         3
 Vampiric Draining        Necr           3%         2d6       99%         3
 Volatile Blastmotes      Fire/Tloc      8%         2d10      99%         3
 Anguish                  Hex/Necr       1%         N/A       100%        4
 Dimensional Bullseye     Hex/Tloc       2%         N/A       100%        4
 Dispel Undead            Necr           3%         3d7       100%        4
 Fulminant Prism          Conj/Alch      1%         3d5       100%        4
 Ignite Poison            Fire/Alch      3%         N/A       100%        4
 Iskenderun's Mystic Bla  Conj/Tloc      4%         2d3       100%        4
 Leda's Liquefaction      Alch/Erth      1%         N/A       100%        4
 Sticky Flame             Fire/Alch      3%         2d4       100%        4
 Vhi's Electric Charge    Tloc/Air       8%         N/A       100%        4
 Arcjolt                  Conj/Air       1%         1d11      100%        5
 Curse of Agony           Necr           3%         N/A       100%        5
 Freezing Cloud           Conj/Ice/Air   1%         6-21      100%        5
 Irradiate                Conj/Alch      1%         3d12      100%        5
 Lee's Rapid Deconstruct  Erth           1%         3d4*      100%        5
 Silence                  Hex/Air        1%         N/A       100%        5
 Bombard                  Conj/Erth      1%         9d1       100%        6
 Plasma Beam              Fire/Air       1%         2x1d11    100%        6
 Starburst                Conj/Fire      1%         6d3       100%        6
 Orb of Destruction       Conj           1%         9d5       100%        7
 Disjunction              Tloc           2%         N/A       100%        8
 Ignition                 Fire           1%         3d3       100%        8
 Lehudib's Crystal Spear  Conj/Erth      1%         10d2      100%        8
 Fire Storm               Conj/Fire      1%         8d1       100%        9
 Summon Small Mammal      Summ           Unusable   N/A       N/A         1
 Call Imp                 Summ           Unusable   N/A       N/A         2
 Call Canine Familiar     Summ           Unusable   N/A       N/A         3
 Summon Ice Beast         Ice/Summ       Unusable   N/A       N/A         3
 Animate Armour           Summ/Erth      Unusable   N/A       N/A         4
 Summon Blazeheart Golem  Fire/Summ      Unusable   N/A       N/A         4
 Summon Forest            Summ/Tloc      Unusable   N/A       N/A         5
 Summon Mana Viper        Hex/Summ       Unusable   N/A       N/A         5
 Sculpt Simulacrum        Ice/Alch       Unusable   N/A       N/A         6
 Summon Cactus Giant      Summ           Unusable   N/A       N/A         6
 Haunt                    Necr/Summ      Unusable   N/A       N/A         7
 Spellforged Servitor     Conj/Summ      Unusable   N/A       N/A         7
 Summon Hydra             Summ           Unusable   N/A       N/A         7

Dungeon Overview and Level Annotations

Branches:
Dungeon (15/15)            Temple (1/1) D:6            Lair (5/5) D:10
 Shoals (4/4) Lair:2        Snake (4/4) Lair:2        Slime (0/5) Lair:4
    Orc (2/2) D:9             Elf (3/3) Orc:2        Vaults (5/5) D:13
  Crypt (3/3) Vaults:3       Tomb (0/3) Crypt:3      Depths (4/4) D:15
    Zot (5/5) Depths:4      IceCv (visited)

Altars:
Ashenzari
Cheibriados
Dithmenos
Elyvilon
Fedhas
Gozag
Hepliaklqana
Kikubaaqudgha
Makhleb
Nemelex Xobeh
Okawaru
Qazlal
Ru
Sif Muna
Trog
Uskayaw
Vehumet
Wu Jian
Xom
Yredelemnul
Zin
The Shining One

Shops:
D:3 !   D:12 [   D:15 :   Orc:1 !   Orc:2 [[*=[   Shoals:2 ?   Shoals:3 **
Vaults:1 [   Depths:1 *   Depths:2 ?[   Depths:3 (

Portals:
Hell: Depths:1 Depths:2 Depths:3 Depths:4
Abyss: Depths:2 Depths:3
Pandemonium: Depths:2
Ziggurat: Depths:4

Annotations:
Shoals:3 3 runed translucent doors, exclusion: obsidian statue, Ullipcorian's ghost, adept HOFi
Elf:2 3 runed translucent doors, dialectric's ghost, adept MiGl
Depths:3 1 runed translucent door
Zot:4 2 transporters


Innate Abilities, Weirdness & Mutations

You are too large for most types of armour.
You have a pair of small horns on your head.
You have tough skin. (AC +1)
You gain doubled healing and magic from potions.
Whenever you drink a healing potion, you attack all around you.
You have sharp toenails.
You are strong-willed. (Will+)
Your system is resistant to poisons. (rPois)
You occasionally shout uncontrollably at your foes.
You occasionally lose the ability to drink potions when taking damage.


Message History

a +0 animal skin; a +0 war axe
w - 119 large rocks (gained 1)
You see here a +0 robe.
What level of the Dungeon? (default 1, ? - help)
Things that are here:
a +0 animal skin; a +0 war axe
Things that are here:
a +0 buckler; a +0 spear
There is a staircase back to the Dungeon here.
You fly upwards.
Welcome back to the Dungeon!
There is a staircase to the Depths, spattered with blood here.
There is an open door, spattered with blood here.
An Ice Fiend comes into view.
You whack the Ice Fiend! Your kick misses the Ice Fiend.
The Ice Fiend is lightly wounded.
You whack the Ice Fiend!
You claw the Ice Fiend, but do no damage.
Your headbutt misses the Ice Fiend.
The Ice Fiend is moderately wounded.
You hit the Ice Fiend. You claw the Ice Fiend.
The Ice Fiend is moderately wounded.
You block the Ice Fiend's attack. x2
You thrash the Ice Fiend!! You claw the Ice Fiend.
You headbutt the Ice Fiend, but do no damage.
The Ice Fiend is severely wounded.
You whack the Ice Fiend!
Lightning courses through the Ice Fiend!!
You kill the Ice Fiend!
Okawaru accepts your kill.
No target in view!
What level of the Dungeon? (default 1, ? - help)
There is an open door, spattered with blood here.
There is a stone staircase leading up here.
You fly upwards.
There is a stone staircase leading down here.
There is a stone staircase leading up here.
You fly upwards.
There is a stone staircase leading down here.
There is a stone staircase leading up here.
You fly upwards.
There is a stone staircase leading down here.
There is an open door here.
There is an open door here.
There is a stone staircase leading up here.
You fly upwards.
There is a stone staircase leading down here.
A rust devil comes into view.
You thrash the rust devil!! You claw the rust devil!
You headbutt the rust devil.
The rust devil is almost dead.
You hit the rust devil. You claw the rust devil.
You kill the rust devil!
Okawaru accepts your kill.
No target in view!
There is a stone staircase leading up here.
You fly upwards.
There is a stone staircase leading down here.
A Brimstone Fiend comes into view.
The Brimstone Fiend roars!
The Brimstone Fiend gestures at you.
The sphere of damnation explodes!
The damnation engulfs you!!
You take 32 damage, and have 291/323 hp.
You now have 30/33 mp.
You throw a large rock.
The large rock hits the Brimstone Fiend!!!!
The Brimstone Fiend is almost dead.
You throw a large rock.
The large rock hits the Brimstone Fiend!!!!
You kill the Brimstone Fiend!
Okawaru accepts your kill.
w - 119 large rocks (gained 2) MP restored: 33
There is a stone staircase leading up here.
You fly upwards.
There is a stone staircase leading down here.
You regained 2 hp, and now have 306/323 hp.
HP restored.
Things that are here:
a +0 ring mail; a +2 vampiric short sword
There is a stone staircase leading up, spattered with blood here.
You fly upwards.
There is a stone staircase leading down, spattered with blood here.
Health restored: 323
Things that are here:
a +0 robe; a +2 dire flail; a +0 club
There is a stone staircase leading up here.
You fly upwards.
There is a stone staircase leading down here.
There is a stone staircase leading up here.
You fly upwards.
There is a stone staircase leading down here.
There is a fountain of clear blue water here.
An Executioner comes into view.
The Executioner gestures.
The Executioner seems to speed up.
The Executioner hits you but does no damage.
You block the Executioner's attack. x2
You block the Executioner's attack. x2
The Executioner hits you but does no damage.
You block the Executioner's attack. x2; The Executioner barely misses you.
There is a stone staircase leading up here.
You thrash the Executioner!! You claw the Executioner.
The Executioner is moderately wounded.
You block the Executioner's attack. x2
The Executioner hits you but does no damage.
You thrash the Executioner!! You claw the Executioner!
You kill the Executioner!
Okawaru accepts your kill.
No target in view!
You fly upwards.
There is a stone staircase leading down here.
What level of the Dungeon? (default 5, ? - help)
You yell at the Hell Sentinel!
A Hell Sentinel comes into view.
You throw a large rock.
The large rock hits the Hell Sentinel!!!!
The Hell Sentinel is heavily wounded.
You throw a large rock.
The large rock completely misses the Hell Sentinel.
You throw a large rock. The large rock hits the Hell Sentinel.
The Hell Sentinel is heavily wounded.
You throw a large rock.
The large rock hits the Hell Sentinel and shatters for extra damage!!!!
You kill the Hell Sentinel!
Okawaru accepts your kill.
You feel yourself speed up.
w - 117 large rocks (gained 2)
w - 118 large rocks (gained 1)
There is a stone staircase leading up here.
You fly upwards.
There is a stone staircase leading down here.
There is an open door here.
You see here a +0 giant spiked club.
There is an open door here.
There is a stone staircase leading up here.
You fly upwards.
There is a stone staircase leading down here.
There is a stone staircase leading up here.
You fly upwards.
There is a stone staircase leading down, spattered with blood here.
Your extra speed is starting to run out.
There is a stone staircase leading up here.
You fly upwards.
There is a stone staircase leading down here.
Okay, then.
You feel as though your hastened speed will last longer.
You see here a +0 club.
There is an open door here.
There is a staircase leading out of the dungeon here.
You have escaped!

.# #.## #...# #####.# .# #..#
###...### ##.# .# #### #.......#
#..# .###############.......####
#.## ...†........#.............#
#.#
#############......⌠......####.##
###.............#......
#.####.......#######.## #.#
#@......# #.# #.# ###...### #.#
#.# #...# #.# #.# #...# #.# #.#
####'##########.# #.#
#...............# #.#
#.......##.######
#.####.......##.#
#...>.....÷..##.#######


There were no monsters in sight!

Vanquished Creatures
  8 dread liches
  4 orbs of fire
  4 ancient liches
  Mara (Snake:3)
  Xtahua (Crypt:2)
  A royal mummy (Crypt:3)
  Sojobo (Depths:2)
  Boris (twice) (Vaults:1 Depths:4)
  The ghost of Teduw the Impregnable, a veteran MiGl of Hepliaklqana (Crypt:1)
  4 Killer Klowns
  Vv (Zot:4)
  Saint Roka (Depths:2)
  Vashnia (Snake:2)
  A curse toe (Zot:3)
  6 caustic shrikes
  5 golden dragons
  Nikola (Snake:3)
  Norris (Depths:1)
  A bone dragon (Depths:4)
  A Brimstone Fiend (D:10)
  5 electric golems
  28 Orb Guardians
  An Ice Fiend (D:15)
  Zenata (Vaults:1)
  11 tentacled monstrosities
  A walking crystal tome (Depths:3)
  Rupert (Lair:3)
  2 Hell Sentinels
  10 liches
  6 quicksilver dragons
  2 deep elf master archers (Elf:3)
  7 titans (Vaults:5)
  2 walking divine tomes
  A deep elf blademaster (Elf:3)
  Frances (Elf:1)
  An ancient champion (Depths:2)
  A kraken (Shoals:3)
  12 sphinxes
  6 shadow dragons
  An Executioner (D:6)
  12 death cobs
  16 storm dragons
  Donald (Arena)
  14 tengu reavers
  Aizul (Shoals:3)
  7 nagarajas
  An azure jelly (IceCv)
  A revenant (Crypt:2)
  6 protean progenitors
  9 draconian knights
  8 draconian scorchers
  7 fire giants
  22 vault wardens
  11 draconian monks
  17 frost giants
  2 iron dragons
  A balrug (Depths:4)
  5 deep elf sorcerers
  10 deep elf elementalists (Elf:3)
  3 curse skulls
  6 draconian shifters
  3 ghost moths
  10 very ugly things
  8 ironbound thunderhulks
  3 orc warlords
  15 ironbound preservers
  4 draconian stormcallers
  7 draconian annihilators
  20 stone giants
  2 caustic shrike skeletons (Crypt:3)
  2 formless jellyfish
  3 reapers (Crypt:3)
  2 spriggan defenders
  8 vampire knights
  6 black draconians
  12 green draconians
  12 deep elf annihilators
  13 deep elf death magi
  11 purple draconians
  4 war gargoyles
  11 white draconians
  11 deep elf demonologists
  A minotaur (Shoals:4)
  13 yellow draconians
  17 red draconians
  A dire elephant (Vaults:3)
  9 spark wasps
  9 eidola
  19 ettins
  Snorg (Lair:5)
  15 fire dragons
  4 entropy weavers
  2 jiangshi (Crypt:1)
  23 yaktaur captains
  An elf skeleton (Crypt:3)
  52 vault guards
  5 merfolk impalers
  4 deep elf high priests
  3 quicksilver dragon skeletons
  5 hydras
  4 rakshasas
  3 great orbs of eyes
  2 hell beasts
  3 spriggan skeletons (Crypt:3)
  13 centaur warriors
  3 peacekeepers
  3 ogre magi
  2 radroaches (Zot:4)
  4 salamander tyrants
  8 ice dragons
  5 merfolk avatars
  10 ironbound frosthearts
  12 anacondas
  6 boulder beetles
  A death knight (Crypt:1)
  33 dancing weapons
  A two-headed ogre (shapeshifter) (Vaults:4)
  2 alligator snapping turtles
  4 merfolk aquamancers
  7 deep troll shamans
  2 spriggan air magi
  9 two-headed ogres
  4 death yaks (Lair:5)
  5 tengu warriors
  15 satyrs
  4 vampire magi
  13 naga warriors
  4 shock serpents
  A spriggan (Depths:1)
  8 deep troll earth magi
  A shock serpent (shapeshifter) (Vaults:5)
  12 spriggan berserkers
  2 orc high priests
  Nergalle (D:10)
  18 deep elf knights
  An emperor scorpion zombie (Crypt:1)
  20 naga sharpshooters
  2 fire crabs (Shoals:1)
  9 hell knights
  Sonja (D:13)
  4 skysharks
  2 iron trolls
  8 soul eaters
  6 skeletal warriors
  A titan skeleton (Crypt:3)
  5 salamander mystics
  A shadow wraith (Crypt:2)
  A goliath frog (Zot:4)
  48 deep trolls
  A flayed ghost (Crypt:1)
  6 sea snakes
  A swamp dragon (Lair:5)
  7 mana vipers
  2 anaconda zombies
  4 glowing orange brains
  3 arcanists
  9 deep elf archers
  11 lindwurms
  26 deep elf zephyrmancers
  8 naga ritualists
  21 ironbound convokers
  Pikel (D:4)
  16 necromancers
  23 deep elf pyromancers
  12 orc knights
  12 phantasmal warriors
  21 salamanders
  26 harpies
  An iron dragon zombie (Crypt:3)
  27 ugly things
  18 fauns
  23 moths of wrath
  A shining eye (shapeshifter) (Vaults:5)
  7 orc sorcerers
  A cyclops (shapeshifter) (Depths:2)
  7 elephants
  A mana viper (shapeshifter) (Vaults:5)
  15 cyclopes
  16 manticores
  4 centaur zombies (Crypt:3)
  An eleionoma skeleton (Crypt:2)
  An ice statue (IceCv)
  35 black mambas
  5 kobold blastminers (Orc:2)
  A fire giant skeleton (Depths:2)
  3 meliai (D:13)
  8 guardian serpents
  A rust devil (D:11)
  15 vault sentinels
  An alligator snapping turtle zombie (Crypt:3)
  4 merfolk sirens
  4 water nymphs
  8 cane toads
  4 molten gargoyles (Elf:2)
  A naga skeleton (Crypt:3)
  16 naga magi
  A torpor snail (Lair:5)
  3 spriggan zombies
  A human zombie (Vaults:3)
  A yaktaur zombie (Vaults:3)
  27 yaktaurs
  8 komodo dragons
  10 freezing wraiths
  A golden dragon simulacrum (Depths:2)
  2 tengu conjurers
  An iron troll zombie (Crypt:2)
  A tormentor (Depths:4)
  4 rime drakes (Lair:5)
  A pale draconian skeleton (Crypt:1)
  3 harpy zombies (Crypt:3)
  6 wind drakes
  11 trolls
  26 merfolk
  13 hellwings (Crypt:3)
  A tyrant leech (Zot:4)
  5 polar bears
  2 hornets
  A harpy skeleton (Crypt:3)
  A tarantella (Vaults:2)
  21 blink frogs
  A tengu simulacrum (Vaults:3)
  An ettin zombie (Crypt:3)
  18 dream sheep
  5 glass eyes (Depths:2)
  A hydra skeleton (Crypt:3)
  A death drake skeleton (Crypt:2)
  5 snapping turtles
  3 shadows
  45 slime creatures
  A jumping spider (shapeshifter) (Depths:3)
  2 jumping spiders
  A spriggan (shapeshifter) (D:14)
  16 water elementals
  12 wraiths
  7 wyverns
  A satyr skeleton (Crypt:2)
  A culicivora (shapeshifter) (Vaults:4)
  An air elemental (Elf:3)
  An ushabti (Crypt:3)
  A wind drake zombie (Crypt:1)
  4 fire bats
  26 yaks
  2 wargs
  4 basilisks
  4 fire elementals
  A redback (shapeshifter) (Depths:4)
  19 vampire mosquitoes
  9 redbacks
  3 steam dragons (Lair:5)
  2 ogre zombies
  3 naga zombies (Crypt:3)
  13 water moccasins
  40 nagas
  A merfolk zombie (Crypt:1)
  A fire bat skeleton (Crypt:1)
  A great orb of eyes simulacrum (IceCv)
  A faun skeleton (Crypt:1)
  2 swamp drakes (Lair:5)
  A sky beast (D:7)
  6 laughing skulls
  22 orc warriors
  A two-headed ogre skeleton (Crypt:2)
  3 ice beasts
  24 ogres
  4 boggarts (Vaults:3)
  A centaur (shapeshifter) (D:13)
  22 wolves
  13 centaurs
  4 slime creature simulacra (IceCv)
  A phantom (D:6)
  A kobold brigand (D:8)
  A rime drake skeleton (Crypt:1)
  4 earth elementals
  16 bullfrogs
  A gnoll sergeant (D:12)
  4 glowing shapeshifter simulacra (IceCv)
  A scorpion (D:4)
  6 wyvern skeletons (Crypt:3)
  13 wights
  10 howler monkeys
  9 electric eels
  A lava snake (Elf:2)
  17 jellies
  6 orc priests
  4 bombardier beetles
  A gnoll bouda (D:10)
  3 hounds
  12 iguanas
  A boggart zombie (Crypt:1)
  24 orc wizards
  3 shapeshifter simulacra (IceCv)
  A killer bee zombie (Crypt:2)
  An ice beast zombie (Crypt:1)
  A sky beast zombie (Crypt:1)
  2 mummies (Crypt:3)
  Robin (D:3)
  13 gnolls
  11 adders
  3 shadow imps
  13 white imps
  A ribbon worm (D:5)
  2 dart slugs
  72 orcs
  8 ball pythons
  6 bats
  5 endoplasms
  2 giant cockroaches
  14 goblins
  8 hobgoblins
  8 jackals
  A quokka (D:4)
  4 frilled lizards
  7 kobolds
  6 rats
  2 aspiring fleshes (Zot:4)
  A butterfly (Lair:2)
  5 tentacles (Shoals:3)
2279 creatures vanquished.

Vanquished Creatures (others)
  A naga warrior (Snake:3)
  A salamander mystic (Snake:3)
  A manticore (Shoals:4)
  A water elemental (Elf:2)
  A fire bat (Zot:4)
  An orc wizard (D:10)
  An orc (D:10)
  7 tentacles (Shoals:3)
14 creatures vanquished.

Grand Total: 2293 creatures vanquished

Notes
Turn   | Place    | Note
-------+----------+-------------------------------------------
     0 | D:1      | mdonais the Oni Monk began the quest for the Orb.
     0 | D:1      | Reached XP level 1. HP: 24/24 MP: 1/1
    91 | D:1      | Reached XP level 2. HP: 33/33 MP: 2/2
   164 | D:1      | Found a faded altar of an unknown god.
   342 | D:1      | Reached skill level 5 in Fighting
   897 | D:1      | Reached XP level 3. HP: 32/42 MP: 3/3
  1777 | D:2      | Reached XP level 4. HP: 35/53 MP: 4/4
  1941 | D:3      | Reached skill level 1 in Throwing
  1994 | D:3      | Found a glowing golden altar of the Shining One.
  1997 | D:3      | Found an opulent altar of Gozag.
  2001 | D:3      | Found a broken altar of Ashenzari.
  2049 | D:3      | Noticed Robin
  2099 | D:3      | Reached XP level 5. HP: 42/61 MP: 5/5
  2152 | D:3      | Killed Robin
  2425 | D:3      | Found Tioheari's Distillery.
  2451 | D:3      | Bought a potion of curing for 36 gold pieces
  2451 | D:3      | Bought a potion of berserk rage for 60 gold pieces
  2784 | D:4      | Noticed a centaur
  2790 | D:4      | Killed a centaur
  2791 | D:4      | Reached XP level 6. HP: 70/71 MP: 6/6
  2795 | D:4      | Noticed Pikel
  2807 | D:4      | Killed Pikel
  2808 | D:4      | Reached XP level 7. HP: 17/80 MP: 7/7
  3280 | D:4      | Reached XP level 8. HP: 73/88 MP: 8/8
  3293 | D:4      | Found a shadowy altar of Dithmenos.
  3650 | D:4      | Found a stormy altar of Qazlal.
  3935 | D:5      | Entered Level 5 of the Dungeon
  4663 | D:5      | Found a snail-covered altar of Cheibriados.
  4741 | D:5      | Reached skill level 5 in Maces & Flails
  4741 | D:5      | Reached skill level 5 in Shields
  5461 | D:6      | Found a staircase to the Ecumenical Temple.
  5473 | Temple   | Entered the Ecumenical Temple
  5489 | Temple   | Became a worshipper of Warmaster Okawaru
  5489 | Temple   | Reached * piety under Okawaru
  5489 | Temple   | Reached ** piety under Okawaru
  5646 | D:6      | Reached skill level 1 in Invocations
  5646 | D:6      | Reached XP level 9. HP: 35/101 MP: 8/10
  5982 | D:6      | Reached skill level 10 in Fighting
  6241 | D:6      | Found an ornate altar of the Wu Jian Council.
  6733 | D:3      | Bought a potion of cancellation for 96 gold pieces
  6733 | D:3      | Bought a potion of resistance for 120 gold pieces
  6977 | D:7      | Noticed a hornet
  6983 | D:7      | Killed a hornet
  6997 | D:7      | Noticed a cyclops
  7108 | D:7      | Killed a cyclops
  7108 | D:7      | Reached *** piety under Okawaru
  7568 | D:7      | Reached XP level 10. HP: 111/114 MP: 13/13
  7869 | D:7      | Identified a scroll of acquirement
  8158 | D:7      | Acquired the +1 cloak "Usust" {*Slow +Inv Fly rElec Regen+}
  8284 | D:8      | Reached skill level 5 in Throwing
  8291 | D:8      | Reached **** piety under Okawaru
  9072 | D:9      | Found a staircase to the Orcish Mines.
  9868 | D:9      | Found a staircase to the Orcish Mines.
  9989 | D:10     | Entered Level 10 of the Dungeon
 10074 | D:10     | Reached ***** piety under Okawaru
 10208 | D:10     | Noticed Nergalle
 10220 | D:10     | Killed Nergalle
 10220 | D:10     | Received a gift from Okawaru
 10258 | D:10     | Reached XP level 11. HP: 124/126 MP: 14/14
 10264 | D:10     | Learned a level 1 spell: Apportation
 10328 | D:10     | Reached skill level 1 in Translocations
 10455 | D:10     | Found a staircase to the Lair.
 10472 | D:10     | Identified the +0 pair of boots "Weaqil" {+Blink Fly Str+2
                  | Dex+2}
 10585 | D:10     | Found a radiant altar of Vehumet.
 10733 | Lair:1   | Entered Level 1 of the Lair of Beasts
 10807 | Orc:1    | Entered Level 1 of the Orcish Mines
 10921 | Orc:1    | Found Tofaecre's Distillery.
 10930 | Orc:1    | Bought a potion of haste for 120 gold pieces
 11001 | Orc:1    | Noticed an orc sorcerer
 11033 | Orc:1    | Killed an orc sorcerer
 11281 | Orc:1    | Bought a potion of heal wounds for 60 gold pieces
 11281 | Orc:1    | Bought a potion of heal wounds for 60 gold pieces
 11299 | Orc:2    | Entered Level 2 of the Orcish Mines
 11406 | Orc:2    | Noticed an orc knight
 11415 | Orc:2    | Killed an orc knight
 11416 | Orc:2    | Reached skill level 5 in Invocations
 11441 | Orc:2    | Noticed a two-headed ogre
 11443 | Orc:2    | Received a gift from Okawaru
 11443 | Orc:2    | Noticed a two-headed ogre
 11445 | Orc:2    | Found Adghap's Armour Emporium.
 11445 | Orc:2    | Found Mousop's Assorted Antiques.
 11445 | Orc:2    | Found Memopt's Jewellery Boutique.
 11445 | Orc:2    | Found a staircase to the Elven Halls.
 11445 | Orc:2    | Noticed a cyclops
 11445 | Orc:2    | Noticed a two-headed ogre
 11445 | Orc:2    | Noticed a two-headed ogre
 11445 | Orc:2    | Noticed a two-headed ogre
 11445 | Orc:2    | Noticed a two-headed ogre
 11445 | Orc:2    | Noticed a deep troll
 11445 | Orc:2    | Noticed an ogre mage
 11445 | Orc:2    | Noticed a cyclops
 11448 | Orc:2    | Found Uxtucvyh's Antique Armour Shoppe.
 11456 | Orc:2    | Noticed a two-headed ogre
 11460 | Orc:2    | Killed a two-headed ogre
 11463 | Orc:2    | Killed a two-headed ogre
 11463 | Orc:2    | Killed a two-headed ogre
 11467 | Orc:2    | Killed a cyclops
 11468 | Orc:2    | Reached skill level 15 in Fighting
 11470 | Orc:2    | Killed a deep troll
 11470 | Orc:2    | Noticed a deep troll
 11471 | Orc:2    | Reached XP level 12. HP: 47/143 MP: 16/16
 11475 | Orc:2    | Killed a two-headed ogre
 11477 | Orc:2    | Killed an ogre mage
 11486 | Orc:2    | Received a gift from Okawaru
 11491 | Orc:2    | Killed a two-headed ogre
 11506 | Orc:1    | Noticed an orc high priest
 11573 | Orc:2    | Killed a two-headed ogre
 11732 | Orc:2    | Received a gift from Okawaru
 11774 | Orc:2    | Noticed a two-headed ogre
 11785 | Orc:2    | Killed a two-headed ogre
 11806 | Orc:2    | Found a frozen archway.
 11815 | IceCv    | Entered an ice cave
 11915 | IceCv    | Reached ****** piety under Okawaru
 11916 | IceCv    | Acquired a +4 demon whip of electrocution
 11916 | IceCv    | Received a gift from Okawaru
 11922 | IceCv    | Acquired the +4 cloak of Reason {Fly Slay+2}
 11922 | IceCv    | Received a gift from Okawaru
 12166 | IceCv    | Reached XP level 13. HP: 154/154 MP: 18/18
 12310 | IceCv    | Reached skill level 1 in Armour
 12395 | IceCv    | Found a viscous altar of Jiyva.
 12395 | IceCv    | Noticed an azure jelly
 12399 | IceCv    | Killed an azure jelly
 12399 | IceCv    | Received a gift from Okawaru
 12453 | IceCv    | Got the Discourse on the Iceberg
 12457 | IceCv    | Got the +8 short sword of Ascent {freeze, MP+9 Str+2}
 12665 | Orc:2    | Bought a scroll of enchant weapon for 225 gold pieces
 12665 | Orc:2    | Bought a scroll labelled NOCVOINUST for 30 gold pieces
 12807 | Orc:2    | Found Derukk's Armour Shop.
 13203 | Orc:2    | Bought quicksilver dragon scales for 780 gold pieces
 13811 | Lair:1   | Reached skill level 5 in Armour
 13980 | Lair:1   | Received a gift from Okawaru
 14765 | Lair:2   | Found a staircase to the Shoals.
 14780 | Lair:2   | Reached skill level 10 in Throwing
 14783 | Lair:2   | Received a gift from Okawaru
 14784 | Lair:2   | Reached skill level 10 in Maces & Flails
 14797 | Lair:2   | Reached XP level 14. HP: 126/166 MP: 20/20
 15109 | Lair:2   | Found a staircase to the Snake Pit.
 15772 | Lair:3   | Noticed Rupert
 15788 | Lair:3   | Killed Rupert
 16613 | Lair:4   | Received a gift from Okawaru
 16637 | Lair:4   | Found a staircase to the Slime Pits.
 17765 | Orc:2    | Bought the +0 hat of the Jabberwock {+Blink rElec Slay+2}
                  | for 434 gold pieces
 17912 | Lair:5   | Entered Level 5 of the Lair of Beasts
 18134 | Lair:5   | Received a gift from Okawaru
 18381 | Lair:5   | Upgraded the game from 0.31.0-10-gcf4a605ca0 to
                  | 0.31.0-11-ge490571c62
 18666 | Lair:5   | Noticed Snorg
 18674 | Lair:5   | Killed Snorg
 18940 | Lair:5   | Received a gift from Okawaru
 18946 | Lair:5   | Identified the dragon-blood talisman of Proximity {*Corrode
                  | rElec Slay+6 Stlth-}
 19306 | Lair:5   | Reached XP level 15. HP: 176/176 MP: 21/21
 20440 | D:12     | Received a gift from Okawaru
 20695 | D:12     | You are sucked into a shaft and drop 3 floors!
 20695 | D:15     | Entered Level 15 of the Dungeon
 20876 | D:13     | Noticed Sonja
 20881 | D:13     | Killed Sonja
 20900 | D:13     | Reached skill level 10 in Shields
 20917 | D:13     | Reached skill level 1 in Evocations
 21127 | D:13     | Received a gift from Okawaru
 21202 | D:13     | Found a gate to the Vaults.
 21650 | D:12     | Found Xakuqish's Antique Armour Shoppe.
 21693 | D:12     | Received a gift from Okawaru
 22042 | D:13     | Found a shadowy altar of Dithmenos.
 23057 | D:15     | Found a staircase to the Depths.
 23067 | D:15     | Reached XP level 16. HP: 162/195 MP: 22/22
 23369 | D:15     | Found Coewom's Book Emporium.
 23370 | D:15     | Noticed a walking crystal tome
 23371 | D:15     | Noticed a walking crystal tome
 23440 | D:15     | Received a gift from Okawaru
 23662 | Shoals:1 | Entered Level 1 of the Shoals
 24502 | Shoals:1 | Identified the blade talisman "Ceideyf" {Int+3}
 25414 | Shoals:2 | Received a gift from Okawaru
 25423 | Shoals:2 | Found Veasher's Magic Scroll Shop.
 25431 | Shoals:2 | Bought a scroll of enchant weapon for 112 gold pieces
 25849 | Shoals:2 | Reached skill level 10 in Armour
 26456 | Shoals:3 | Noticed Donald
 26485 | Arena    | Entered the Arena
 26489 | Arena    | Killed Donald
 26640 | Shoals:3 | Found a runed translucent gate.
 26642 | Shoals:3 | Found a runed translucent gate.
 26642 | Shoals:3 | Found an opulent altar of Gozag.
 26643 | Shoals:3 | Found a runed translucent gate.
 26804 | Shoals:3 | Received a gift from Okawaru
 26942 | Shoals:3 | Identified the serpent talisman "Orphoys" {+Blink Int-3
                  | Dex+4 Slay+5}
 26942 | Shoals:3 | Noticed Aizul
 26955 | Shoals:3 | Killed Aizul
 27240 | Shoals:3 | Reached skill level 5 in Dodging
 27766 | Shoals:3 | Noticed a kraken
 27786 | Shoals:3 | Killed a kraken
 27905 | Shoals:3 | Received a gift from Okawaru
 27912 | Shoals:3 | Reached XP level 17. HP: 180/208 MP: 23/23
 28285 | Shoals:3 | Found Esaomim's Assorted Antiques.
 28285 | Shoals:3 | Found Fipuvaral's Assorted Antiques.
 28286 | Shoals:3 | Noticed Ullipcorian's ghost (adept HOFi)
 28314 | Shoals:4 | Entered Level 4 of the Shoals
 29098 | Shoals:4 | Received a gift from Okawaru
 29422 | Shoals:4 | Noticed a sphinx
 29430 | Shoals:4 | Noticed a sphinx
 29441 | Shoals:4 | Killed a sphinx
 29480 | Shoals:4 | Killed a sphinx
 29544 | Shoals:4 | Got a barnacled rune of Zot
 29642 | Shoals:4 | Noticed a sphinx
 29647 | Shoals:4 | Killed a sphinx
 29822 | Shoals:4 | Received a gift from Okawaru
 30797 | Orc:2    | Bought the +1 tower shield "Ifrixeto" {rPois Str+3} for 351
                  | gold pieces
 30923 | Snake:1  | Entered Level 1 of the Snake Pit
 31190 | Snake:1  | Found a transporter.
 31191 | Snake:1  | Found a transporter.
 31544 | Snake:1  | Found a transporter.
 31545 | Snake:1  | Found a transporter.
 31610 | Snake:1  | Received a gift from Okawaru
 31649 | Snake:1  | Found a transporter.
 31657 | Snake:1  | Found a transporter.
 32177 | Snake:2  | Reached XP level 18. HP: 196/219 MP: 24/24
 32367 | Snake:2  | Noticed Vashnia
 32402 | Snake:2  | Killed Vashnia
 33053 | Snake:2  | Received a gift from Okawaru
 33520 | Snake:3  | Noticed Nikola
 33529 | Snake:3  | Killed Nikola
 33530 | Snake:3  | Reached skill level 10 in Invocations
 33906 | Snake:3  | Received a gift from Okawaru
 34019 | Snake:3  | Noticed Mara
 34037 | Snake:3  | Killed Mara
 34575 | Snake:4  | Entered Level 4 of the Snake Pit
 34728 | Snake:4  | Received a gift from Okawaru
 35950 | Snake:4  | Reached XP level 19. HP: 231/236 MP: 26/26
 36347 | Snake:4  | Received a gift from Okawaru
 37137 | Snake:4  | Received a gift from Okawaru
 37299 | Snake:4  | Got a serpentine rune of Zot
 37547 | Elf:1    | Entered Level 1 of the Elven Halls
 37827 | Elf:1    | Reached skill level 15 in Shields
 38023 | Elf:1    | Noticed Frances
 38039 | Elf:1    | Killed Frances
 38177 | Elf:1    | Reached skill level 15 in Throwing
 38482 | Elf:1    | Received a gift from Okawaru
 39023 | Elf:2    | Noticed dialectric's ghost (adept MiGl)
 39113 | Elf:2    | Found a runed translucent gate.
 39113 | Elf:2    | Found a runed translucent gate.
 39113 | Elf:2    | Found a runed translucent gate.
 39418 | Elf:2    | Received a gift from Okawaru
 39769 | Elf:2    | Found a huge runed translucent gate.
 39769 | Elf:2    | Found a huge runed translucent gate.
 39769 | Elf:2    | Found a huge runed translucent gate.
 39769 | Elf:2    | Found a huge runed translucent gate.
 39772 | Elf:2    | Found a huge runed translucent gate.
 40052 | Elf:2    | Reached XP level 20. HP: 248/248 MP: 27/27
 40714 | Elf:3    | Entered Level 3 of the Elven Halls
 40752 | Elf:3    | Received a gift from Okawaru
 40839 | Elf:3    | Paralysed by an air elemental for 1 turns
 41230 | Elf:3    | Gained mutation: You have sharp toenails. [a neqoxec]
 41465 | Elf:3    | Received a gift from Okawaru
 42496 | Elf:3    | Received a gift from Okawaru
 42504 | Elf:3    | Identified the +3 spear "Aryerphuse" {flame, rC++ rCorr
                  | SInv}
 42722 | Elf:3    | Identified the +4 ring mail of Dithmenos's Outrage {^Contam
                  | Str+3}
 42722 | Elf:3    | Identified the amulet of the Republic {Spirit rF+ Slay+4}
 42835 | Elf:3    | Reached skill level 1 in Spellcasting
 43044 | Elf:3    | Identified the +11 shortbow "Noner" {drain, rF+ Str+3
                  | Int+3}
 43050 | Elf:3    | Got the Verses on the Translocated Rocks
 43076 | Elf:3    | Found the +2 hood of the Assassin {Detect Stab+ Stlth++}
 43345 | Vaults:1 | Entered Level 1 of the Vaults
 43415 | Vaults:1 | Found a portal to a secret trove of treasure.
 43426 | Vaults:1 | Found Oddehat's Antique Armour Emporium.
 43456 | Vaults:1 | Reached skill level 5 in Spellcasting
 43512 | Vaults:1 | You paid a toll of 5 scrolls of fog to enter a treasure
                  | trove
 43513 | Trove    | Entered a treasure trove
 43529 | Trove    | Identified the ring of Delu {Wiz rPois}
 43533 | Trove    | Identified the ring "Fasmip" {rC+ Int+3}
 43537 | Trove    | Identified the ring of Tanla {Fly rC+ rN+ Slay+4}
 43539 | Trove    | Identified the amulet "Lowufa" {Faith Regen+ Str-5 Dex+2}
 43685 | Vaults:1 | Received a gift from Okawaru
 43858 | Vaults:1 | Reached XP level 21. HP: 263/263 MP: 30/30
 44206 | Vaults:1 | Received a gift from Okawaru
 44230 | Vaults:1 | Noticed Boris
 44245 | Vaults:1 | Killed Boris
 44818 | Vaults:1 | Noticed Zenata
 44823 | Vaults:1 | Killed Zenata
 45734 | Vaults:2 | Received a gift from Okawaru
 47180 | Vaults:3 | Received a gift from Okawaru
 47508 | Vaults:3 | Found a staircase to the Crypt.
 47526 | Vaults:3 | Identified the ring "Hasah" {Ice rN++ Dex+3}
 48062 | Vaults:3 | Reached XP level 22. HP: 262/263 MP: 32/32
 48240 | Vaults:3 | Received a gift from Okawaru
 49123 | Vaults:4 | Identified the ring of Joxosaih {rN+ EV+5}
 49139 | Vaults:4 | Noticed a golden dragon
 49143 | Vaults:4 | Killed a golden dragon
 49146 | Vaults:4 | Received a gift from Okawaru
 49546 | Vaults:4 | Identified the +1 robe of Winter {rN+}
 49606 | Vaults:4 | Identified the staff of Ulaotacrip {Tloc Earth}
 49673 | Vaults:4 | Identified the +9 short sword of Precise Incision {protect,
                  | rF+ Int+2}
 49688 | Vaults:4 | Got the Book of Beckoning and the Dragon
 50154 | Vaults:4 | Received a gift from Okawaru
 50724 | Vaults:5 | Entered Level 5 of the Vaults
 51112 | Depths:1 | Entered Level 1 of the Depths
 51137 | Depths:1 | Noticed Norris
 51758 | Depths:1 | Killed Norris
 51758 | Depths:1 | Received a gift from Okawaru
 51775 | Depths:1 | Reached XP level 23. HP: 210/283 MP: 21/33
 51962 | Depths:1 | Found Archoib's Gadget Gallery.
 52257 | Depths:1 | Identified the +3 arbalest of Rasod {penet, +Blink rPois}
 52287 | Depths:1 | Found a gateway to Hell.
 52506 | Depths:2 | Found Kamur's Magic Scroll Emporium.
 52543 | Depths:2 | Identified the ring "Buseoq" {Ice Will+ Int+4 Dex+4}
 52638 | Depths:2 | Found a transporter.
 52724 | Depths:2 | Noticed Saint Roka
 52733 | Depths:2 | Killed Saint Roka
 52736 | Depths:2 | Received a gift from Okawaru
 52894 | Depths:2 | Noticed Sojobo
 52915 | Depths:2 | Killed Sojobo
 52935 | Depths:2 | Identified the ring "Katudaos" {rC+ Str+2 Int+4 Dex+6}
 53386 | Depths:2 | Found a one-way gate leading to the halls of Pandemonium.
 53463 | Depths:2 | Found Qatraz's Antique Armour Shop.
 53477 | Depths:2 | Found a transporter.
 53585 | Depths:2 | Identified the ring of Hok Sixell {rF+ Will+ Stlth+}
 53602 | Depths:2 | Received a gift from Okawaru
 53643 | Depths:2 | Noticed a caustic shrike
 53651 | Depths:2 | Killed a caustic shrike
 53737 | Depths:2 | Reached skill level 15 in Armour
 54292 | Depths:2 | Found a one-way gate to the infinite horrors of the Abyss.
 54424 | Depths:3 | Received a gift from Okawaru
 54975 | Depths:3 | Reached XP level 24. HP: 270/292 MP: 30/33
 55251 | Depths:3 | Found a runed translucent door.
 55271 | Depths:3 | Identified the +7 chain mail of Pux Buhu {^Drain Str+3
                  | Int+4 Dex-2}
 55485 | Depths:3 | Found the +8 Wrath of Trog {antimagic, *Rage Rampage}
 55611 | Depths:3 | Found Wosasut's Weapon Emporium.
 56119 | Depths:3 | Identified the +3 orcbow of Day {drain, Will+ Str+3}
 56318 | Depths:4 | Entered Level 4 of the Depths
 56318 | Depths:4 | Found a one-way gateway to a ziggurat.
 56326 | Depths:4 | Received a gift from Okawaru
 56875 | Depths:4 | Noticed a caustic shrike
 56875 | Depths:4 | Noticed a caustic shrike
 56876 | Depths:4 | Noticed a caustic shrike
 56876 | Depths:4 | Noticed a caustic shrike
 56877 | Depths:4 | Noticed a caustic shrike
 56883 | Depths:3 | Killed a caustic shrike
 57298 | Depths:3 | Killed a caustic shrike
 57629 | Depths:4 | Received a gift from Okawaru
 57657 | Depths:4 | Identified the +1 sling of Wicked Fortitude {heavy, rElec
                  | Will- rCorr Int+5}
 57677 | Depths:4 | Killed a caustic shrike
 57685 | Depths:4 | Killed a caustic shrike
 57691 | Depths:4 | Killed a caustic shrike
 59279 | Depths:4 | Found a gate to the Realm of Zot.
 59503 | Depths:4 | Found a one-way gateway to a ziggurat.
 59734 | Depths:4 | Found a gate to the Realm of Zot.
 60241 | Crypt:1  | Entered Level 1 of the Crypt
 60274 | Crypt:1  | Found a runed translucent door.
 60274 | Crypt:1  | Noticed Teduw's ghost (veteran MiGl)
 60465 | Crypt:1  | Received a gift from Okawaru
 60906 | Crypt:1  | Killed Teduw's ghost
 61235 | Crypt:2  | Noticed Xtahua
 61241 | Crypt:2  | Killed Xtahua
 61895 | Crypt:3  | Entered Level 3 of the Crypt
 62103 | Crypt:3  | Reached XP level 25. HP: 301/301 MP: 33/33
 62395 | Crypt:3  | Found a staircase to the Tomb.
 62395 | Crypt:3  | Noticed a royal mummy
 62413 | Crypt:3  | Killed a royal mummy
 62413 | Crypt:3  | Received a gift from Okawaru
 63071 | Crypt:3  | Found an ancient bone altar of Kikubaaqudgha.
 63329 | Crypt:3  | Noticed a dread lich
 63335 | Crypt:3  | Gained mutation: You are weak. (Str -2) [mutagenic glow]
 63345 | Crypt:3  | Killed a dread lich
 63345 | Crypt:3  | Received a gift from Okawaru
 63357 | Crypt:3  | Identified the +5 great mace "Kaleu" {pain, rF++ Str-2}
 63360 | Crypt:3  | Identified the amulet "Wanonaqei" {Acrobat rC+++ Str+2
                  | Int-4 SInv}
 63362 | Crypt:3  | Identified the staff of Ilaynenirch {rPois Hexes Alchemy}
 63370 | Crypt:3  | Gained mutation: You occasionally lose the ability to read
                  | scrolls when taking damage. [mutagenic glow]
 63373 | Crypt:3  | Identified the staff of Dismay {rF+ rN+ Dex-2 Summ Necro
                  | Tloc}
 64299 | Shoals:2 | Bought a scroll of teleportation for 45 gold pieces
 64299 | Shoals:2 | Bought a scroll of blinking for 112 gold pieces
 64299 | Shoals:2 | Bought a scroll of revelation for 112 gold pieces
 64444 | Orc:1    | Bought a potion of curing for 36 gold pieces
 64444 | Orc:1    | Bought a potion of resistance for 120 gold pieces
 64444 | Orc:1    | Bought a potion of curing for 36 gold pieces
 64444 | Orc:1    | Bought a potion of enlightenment for 60 gold pieces
 64444 | Orc:1    | Lost mutation: You are weak. (Str -2) [potion of mutation]
 64444 | Orc:1    | Lost mutation: You occasionally lose the ability to read
                  | scrolls when taking damage. [potion of mutation]
 64444 | Orc:1    | Gained mutation: You are strong-willed. (Will+) [potion of
                  | mutation]
 64444 | Orc:1    | Gained mutation: Your system is resistant to poisons.
                  | (rPois) [potion of mutation]
 65406 | Vaults:4 | Received a gift from Okawaru
 65537 | Vaults:5 | Noticed a dread lich
 65544 | Vaults:5 | Killed a dread lich
 65706 | Vaults:5 | Identified the amulet "Vihuawugep" {RegenMP Will- Regen+
                  | Dex+4}
 65933 | Vaults:5 | Received a gift from Okawaru
 66107 | Vaults:5 | Noticed a dread lich
 66109 | Vaults:5 | Killed a dread lich
 66110 | Vaults:5 | Reached XP level 26. HP: 312/312 MP: 33/33
 66120 | Vaults:5 | Noticed an ancient lich
 66123 | Vaults:5 | Reached skill level 27 in Throwing
 66131 | Vaults:5 | Killed an ancient lich
 66313 | Vaults:5 | Got a silver rune of Zot
 66315 | Vaults:5 | Got Roromode's Omnibus of the Iceberg
 66464 | Vaults:5 | Reached skill level 27 in Fighting
 66576 | Vaults:5 | Identified the +1 spear "Tormentor" {pain, rElec rC+ rCorr
                  | Str+4}
 66585 | Vaults:5 | Identified the ring of Jies {rCorr Int+6}
 66938 | Vaults:5 | Identified the +0 chain mail of the Realm of Zot {rPois}
 67356 | Orc:2    | Bought a +4 ring of slaying for 1092 gold pieces
 67660 | Zot:1    | Entered Level 1 of the Realm of Zot
 67893 | Depths:4 | Received a gift from Okawaru
 69656 | Zot:2    | Received a gift from Okawaru
 70376 | Zot:2    | Noticed a Killer Klown
 70379 | Zot:2    | Killed a Killer Klown
 70508 | Zot:2    | Reached XP level 27. HP: 323/323 MP: 33/33
 70709 | Zot:2    | Received a gift from Okawaru
 71631 | Zot:3    | Noticed an orb of fire
 71634 | Zot:3    | Killed an orb of fire
 71634 | Zot:3    | Received a gift from Okawaru
 72018 | Zot:3    | Found a shimmering blue altar of Sif Muna.
 72377 | Zot:4    | Reached skill level 10 in Dodging
 72501 | Zot:4    | Noticed Vv
 72509 | Zot:4    | Killed Vv
 72881 | Zot:4    | Found a transporter.
 72887 | Zot:4    | Found a transporter.
 73236 | Zot:5    | Entered Level 5 of the Realm of Zot
 73271 | Zot:5    | Received a gift from Okawaru
 73654 | Zot:5    | Gained mutation: You occasionally shout uncontrollably at
                  | your foes. [mutagenic glow]
 73661 | Zot:5    | Gained mutation: You are agile. (Dex +4, Str/Int -1)
                  | [mutagenic glow]
 73702 | Zot:5    | Noticed a dread lich
 73703 | Zot:5    | Noticed an orb of fire
 73708 | Zot:5    | Lost mutation: You are agile. (Dex +4, Str/Int -1)
                  | [mutagenic glow]
 73722 | Zot:5    | Received a gift from Okawaru
 73730 | Zot:5    | Noticed an orb of fire
 73734 | Zot:5    | Killed an orb of fire
 73734 | Zot:5    | Noticed a dread lich
 73738 | Zot:5    | Killed a dread lich
 73741 | Zot:5    | Killed a dread lich
 73741 | Zot:5    | Noticed an ancient lich
 73744 | Zot:5    | Killed an ancient lich
 73748 | Zot:5    | Killed an orb of fire
 73760 | Zot:5    | Noticed an ancient lich
 73766 | Zot:5    | Killed an ancient lich
 73769 | Zot:5    | Noticed a dread lich
 73771 | Zot:5    | Killed a dread lich
 73781 | Zot:5    | Noticed a dread lich
 73787 | Zot:5    | Killed a dread lich
 73809 | Zot:5    | Gained mutation: You occasionally lose the ability to drink
                  | potions when taking damage. [mutagenic glow]
 73811 | Zot:5    | Received a gift from Okawaru
 73813 | Zot:5    | Noticed an orb of fire
 73817 | Zot:5    | Killed an orb of fire
 74174 | Zot:5    | Noticed an ancient lich
 74175 | Zot:5    | Killed an ancient lich
 74443 | Zot:5    | Noticed a dread lich
 74449 | Zot:5    | Killed a dread lich
 74473 | Zot:5    | Received a gift from Okawaru
 75017 | Zot:5    | Got the Orb of Zot
 75249 | Depths:4 | Noticed Boris
 75253 | Depths:4 | Killed Boris
 75730 | D:$      | Escaped with the Orb!

Illustrated notes

Levels and vault maps discovered:
D:1:      minmay_arrival_cross, layout_loops_ring, ebering_ecumenical_altar_mist
D:2:      layout_loops_ring, st_stairs_11, dreamdust_princess_corridor
D:3:      layout_rooms, nicolae_overflow_hidden_temple, serial_shops,
          shop_coins, kennysheep_potato, uniq_robin
D:4:      layout_cave_pools, general_overflow_altar,
          mainiacjoe_overflow_24_doors, grunt_ministairs_11, uniq_pikel
D:5:      minmay_general_purpose_star, layout_cave_pools, slow_altar_2
D:6:      layout_basic, lemuel_coloured_pillars_altar,
          minmay_temple_entry_junction
D:7:      layout_rooms, kennysheep_dice
D:8:      layout_rooms, roderic_serpentine_path
D:9:      layout_irregular_city, david_orc_2
D:10:     layout_basic, mainiacjoe_overflow_surrounded_room, lair_entry_dummy,
          nicolae_wwwww, uniq_nergalle
D:11:     layout_basic
D:12:     layout_roguey, serial_shops, shop
D:13:     layout_cave_pods, erik_vaults_2, grunt_dithmenos_shadows, uniq_sonja
D:14:     layout_cave_pools, serial_park_tiny_1
D:15:     grunt_enter_depths_snipers, layout_basic, nicolae_benzene_ring,
          serial_shops, nicolae_shop_mannequins
Temple:   jpeg_temple_clearing
Lair:1:   layout_cave_pods, serial_bayou_shore_b, grunt_megastairs_2
Lair:2:   layout_roguey, elwin_shoals_entry_stream, guppyfry_snake_entry_garden,
          grunt_megastairs_1, lemuel_fruit_fields, serial_bayou_shore_b
Lair:3:   layout_regular_city, uniq_rupert
Lair:4:   layout_hall_layers, minmay_slime_entry_jelly_boxes,
          grunt_megastairs_5, serial_bayou_shore_a
Lair:5:   guppyfry_lair_end_dragon, layout_small_grid, hellmonk_talismancer,
          serial_bayou_shore_b, serial_bayou_shore_b, uniq_snorg
Shoals:1: layout_shoals, hangedman_shoal_volcano
Shoals:2: layout_shoals, serial_shops, shop, st_shoals_ruin
Shoals:3: layout_shoals, ebering_ghost_gozag, uniq_donald, uniq_aizul
Shoals:4: shoals_end_hellmonk_lost_city, serial_shops
Snake:1:  layout_misc_corridors, st_stairs_7, serial_nicolae_subway,
          nicolae_sub_station_metal, nicolae_sub_station_stone,
          nicolae_sub_station_crystal
Snake:2:  layout_concentric_octagons, drop_trap, uniq_vashnia
Snake:3:  layout_misc_corridors, uniq_mara, uniq_nikola
Snake:4:  grunt_snake_rune_serpentine_throne, layout_chambers, st_stairs_9
Orc:1:    layout_diamond_mine, serial_shops, shop_statue, mines4_lemuel
Orc:2:    st_orc_open, layout_caves, serial_shops, nicolae_shop_behind_doors,
          portal_ice_cave_entry_imps
Elf:1:    eino_elf_arrival_the_gate, layout_loops_corners, evilmike_minifort,
          uniq_frances
Elf:2:    elven_hall_of_blades_hangedman_alternative
          [nicolae_blade_entry_antechamber], layout_onion_city,
          gammafunk_ghost_split, minmay_misc_feat_columns, grunt_ministairs_5,
          minivault_8
Elf:3:    minmay_elf_hall_x, layout_geoelf_octagon, grunt_ministairs_6
Vaults:1: minmay_orc_keep, nicolae_vaults_cochlea, nicolae_vaults_double_plus_2,
          nicolae_vaults_wine_cellar, nicolae_vaults_house_2, v_misc_18,
          nicolae_vaults_octagons, v_misc_29, nicolae_vaults_wrenched,
          nicolae_vaults_spaceships, nicolae_vaults_prndl,
          serial_library_hellmonk_semicircle, layout_vaults_omnicross,
          serial_shops, shop, nicolae_trove_entry_crossroad, uniq_boris,
          uniq_zenata
Vaults:2: grunt_vaults_hallway_short, nicolae_vaults_big_ls, v_alt_pattern_2,
          nicolae_vaults_layer_cake_slice, hangedman_vaults_river_flow,
          nicolae_vaults_little_squares_1, vaults_dpeg_doors,
          nicolae_vaults_stairing_the_circle, nicolae_vaults_closet_pinwheel_2,
          layout_vaults_chaotic_city
Vaults:3: minmay_crypt_entry_simple_round, vaults_dpeg_emergency_exit,
          nicolae_vaults_weapon_check, nicolae_vaults_more_shelving_2,
          nicolae_vaults_diamond_1, nicolae_vaults_network_s,
          nicolae_vaults_shrinking_rooms_2, nicolae_vaults_security_offices_4,
          ontoclasm_vaults_spin, v_misc_27, ontoclasm_vaults_loading_screen,
          layout_vaults_ring
Vaults:4: v_misc_9, st_greater_box_1, v_misc_11, vaults_room_door_ring,
          nicolae_vaults_specimen_jars, nicolae_vaults_little_squares_4,
          ontoclasm_vaults_eye, nicolae_vaults_diamond_1, grunt_vaults_funnel,
          nicolae_vaults_closet_pinwheel_2, v_alt_pattern_2,
          nicolae_vaults_trapezoid_2, v_misc_17, nicolae_vaults_prndl,
          layout_vaults_maze
Vaults:5: serial_shops
Crypt:1:  layout_chaotic_city, gammafunk_ghost_grave,
          ebering_dispersal_statue_hall
Crypt:2:  layout_misc_corridors, uniq_xtahua
Crypt:3:  evilmike_haunted_forest
Depths:1: layout_cross, serial_sigils, serial_sigils_hangedman_confine,
          serial_sigils_hangedman_snap, serial_sigils_hangedman_quiver,
          serial_sigils_hangedman_quiver, serial_sigils_hangedman_gnaw,
          pf_hell_entry_great_geh, nicolae_shop_gadgets, serial_bayou_shore_b,
          firewood_loft, uniq_norris
Depths:2: hangedman_spin_cycle, abyss_entry, pan_entry, hell_entry
Depths:3: nzn_winding_woodlands_stair_trap
          [nzn_winding_woodlands_5x15_river_crossing,
          nzn_winding_woodlands_5x15_sawtooth,
          nzn_winding_woodlands_5x15_crooked,
          nzn_winding_woodlands_15x15_boxy_spiral,
          nzn_winding_woodlands_5x15_longhouse,
          nzn_winding_woodlands_5x15_garden,
          nzn_winding_woodlands_5x15_split_checker], layout_gridlike,
          serial_shops, nicolae_shop_peninsula, grunt_hell_entry_dis_mu,
          abyss_entry_crystal, minmay_st_funbox,
          minmay_guarded_unrand_wrath_of_trog
Depths:4: grunt_zot_entry_hairpin, layout_cave_pools, enter_ziggurat_b,
          grunt_mini_vestibule, grunt_decor_fettered, serial_bayou_shore_b
Zot:1:    layout_cathedral_of_symmetry, hangedman_zot_decor_checkerboard,
          regret_index_zotdec_split_disrupt
Zot:2:    layout_misc_corridors, regret_index_zotdec_obsidian_hm,
          st_single_dragon_hoard_4
Zot:3:    layout_gridville, regret_index_zotdec_magical_s
Zot:4:    layout_cathedral_of_symmetry, st_single_dragon_hoard_3,
          nicolae_diode_stairs, regret_index_zotdec_banners, uniq_vv
Zot:5:    layout_misc_corridors, guppyfry_library_mini

Skill      XL: |  1  2  3  4  5  6  7  8  9 10 11 12 13 14 15 16 17 18 19 20 21 22 23 24 25 26 27 |
---------------+----------------------------------------------------------------------------------+-----
Fighting       | 5 6 7 8 9 11 12 15 16 17 18 20 22 24 25 26 27 | 27.0
Throwing       | 2 3 4 8 9 10 12 14 16 18 21 23 24 26 27 | 27.0
Maces & Flails | 4 5 6 8 10 12 | 12.0
Shields        | 4 5 6 7 9 10 11 13 14 15 16 17 18 | 18.8
Invocations    | 1 4 6 7 8 9 10 12 13 14 | 14.0
Translocations | 1 |  1.0
Dodging        | 4 5 6 8 11 | 11.7
Armour         | 6 7 8 11 12 13 15 18 19 22 | 22.6
Evocations     | 2 3 |  3.0
Spellcasting   | 5 6 |  6.0

Action                     |  1- 3 |  4- 6 |  7- 9 | 10-12 | 13-15 | 16-18 | 19-21 | 22-24 | 25-27 || total
---------------------------+-------+-------+-------+-------+-------+-------+-------+-------+-------++-------
  Melee: Mace              |    74 |    87 |       |       |       |       |       |       |       ||   161
         Headbutt          |    12 |    14 |    56 |    86 |   237 |   355 |   269 |   265 |   278 ||  1572
         Whip              |       |       |   152 |       |       |       |       |       |       ||   152
         Morningstar       |       |       |   128 |   392 |       |       |       |       |       ||   520
         Demon whip        |       |       |       |    30 |  1005 |  1164 |  1073 |   840 |   751 ||  4863
         Kick              |       |       |       |       |       |       |   289 |   439 |   445 ||  1173
  Throw: Stone             |    13 |     1 |    13 |       |       |       |       |       |       ||    27
         Dart              |       |     6 |    20 |    17 |     7 |     1 |       |       |     6 ||    57
         Large rock        |       |       |     3 |    26 |    74 |    97 |   206 |   427 |   710 ||  1543
         Boomerang         |       |       |       |   103 |    39 |       |       |       |       ||   142
         Javelin           |       |       |       |     2 |       |     4 |       |       |       ||     6
 Invoke: Heroism           |       |       |       |     2 |     1 |     3 |     7 |     4 |     2 ||    19
         Finesse           |       |       |       |     1 |       |       |     5 |     3 |     3 ||    12
         Receive Weapon    |       |       |       |     1 |       |       |       |       |       ||     1
         Receive Armour    |       |       |       |     1 |       |       |       |       |       ||     1
         Duel              |       |       |       |       |       |     1 |       |       |       ||     1
  Evoke: Lightning rod     |       |       |       |     8 |     3 |       |       |       |       ||    11
         Wand              |       |       |       |     3 |       |     7 |     4 |       |     4 ||    18
         Phial of floods   |       |       |       |       |       |     1 |       |     2 |       ||     3
         Condenser vane    |       |       |       |       |       |       |       |     1 |     1 ||     2
    Use: Scroll            |       |     1 |     9 |    14 |    10 |     4 |     2 |    10 |     7 ||    57
         Potion            |       |       |     2 |     5 |       |     4 |       |     1 |    12 ||    24
   Stab: Sleeping          |       |       |     2 |       |       |       |       |       |       ||     2
         Invisible         |       |       |       |     2 |       |       |       |       |     2 ||     4
         Distracted        |       |       |       |       |       |     1 |     1 |     1 |     1 ||     4
 Armour: Robe              |    70 |    54 |   133 |   222 |       |       |       |       |       ||   479
         Troll leather arm |       |       |       |    73 |    56 |       |       |       |       ||   129
         Skin              |       |       |       |     2 |       |       |       |       |       ||     2
         Quicksilver drago |       |       |       |       |   333 |   472 |   452 |   455 |       ||  1712
         Gold dragon scale |       |       |       |       |       |       |       |    71 |   716 ||   787
  Dodge: Dodged            |    62 |    45 |    71 |   144 |   153 |   169 |   110 |   152 |   154 ||  1060
  Block: Kite shield       |       |       |   153 |   443 |   596 |   452 |       |       |       ||  1644
         Reflection        |       |       |     1 |    41 |    35 |   137 |    55 |       |       ||   269
         Tower shield      |       |       |       |       |       |   531 |   705 |   600 |   780 ||  2616
